 Dungeon Crawl Stone Soup version 0.30.1 (webtiles) character file.

Game seed: 13265551442622977481

38 Graphine the Sneak (level 3, -2/22 HPs)
             Began as a Kobold Brigand on July 4, 2023.
             Slain by a goblin
             ... wielding a +0 dagger
             ... led by Robin
              (3 damage)
             ... on level 2 of the Dungeon.
             The game lasted 00:01:39 (875 turns).

Graphine the Sneak (Kobold Brigand)                  Turns: 875, Time: 00:01:39

Health: -2/22      AC:  3    Str:  8    XL:     3   Next: 65%
Magic:  3/3        EV: 15    Int: 12    God:
Gold:   45         SH:  0    Dex: 18    Spells: 2/2 levels left

rFire   . . .        f - +2 dagger (venom)
rCold   . . .        (no shield)
rNeg    . . .        b - +0 robe
rPois   .            (no helmet)
rElec   .            c - +0 cloak
rCorr   .            (no gloves)
SInv    .            (no boots)
Will    .....        (no amulet)
Stlth   ++++         (no ring)
HPRegen 0.23/turn    (no ring)
MPRegen 0.08/turn

%: no passive effects
@: attractive
A: small, no large weapons, nightstalker 3
a: no special abilities


You were on level 2 of the Dungeon.
You visited 1 branch of the dungeon, and saw 2 of its levels.

You collected 45 gold pieces.

Inventory:

Hand Weapons
 a - a +2 dagger
 f - a +2 dagger of venom (weapon)
 m - a +0 rapier
Missiles
 d - 15 poisoned darts (quivered)
 e - 3 curare-tipped darts
Armour
 b - a +0 robe (worn)
 c - a +0 cloak (worn)
Scrolls
 g - a scroll of poison
 l - 2 scrolls of identify
Potions
 j - a potion of resistance


   Skills:
 + Level 2.4 Fighting
 * Level 3.4 Short Blades
 + Level 2.4 Throwing
 * Level 2.1 Dodging
 * Level 5.9 Stealth


You had 2 spell levels left.
You didn't know any spells.
Your spell library contained the following spells:

 Spells                   Type           Power      Damage    Failure   Level
 Poisonous Vapours        Pois/Air       0%         N/A       45%         2
 Mephitic Cloud           Conj/Pois/Air  0%         N/A       69%         3
 Freezing Cloud           Conj/Ice/Air   0%         6-21      100%        5


Dungeon Overview and Level Annotations

Branches:
Dungeon (2/15)

Altars:

Annotations:
D:2 Robin


Innate Abilities, Weirdness & Mutations

You are small and have problems with some larger weapons.
You are completely attuned to the shadows.


Message History

Hit: f) +2 dagger (venom)
Press: ? - help, Dir - move target, f/p - goblin
Aim: a goblin, wielding a +0 dagger (strong, about 37% to evade your +2 dagger of venom)
You closely miss the goblin.
You feel your willpower return.
The goblin no longer looks unusually strong.
The goblin closely misses you.
Hit: f) +2 dagger (venom)
Press: ? - help, Dir - move target, f/p - goblin
Aim: a goblin, wielding a +0 dagger (strong, about 37% to evade your +2 dagger of venom)
You closely miss the goblin.
Robin roars a battlecry!
The goblin goes into a battle-frenzy!
The goblin hits you with a +0 dagger.
* * * LOW HITPOINT WARNING * * *
Hit: f) +2 dagger (venom)
Press: ? - help, Dir - move target, f/p - goblin
Aim: a goblin, wielding a +0 dagger (strong, about 37% to evade your +2 dagger of venom)
You hit the goblin.
You kill the goblin!
Robin hits you with a +0 mace.
* * * LOW HITPOINT WARNING * * *
Hit: f) +2 dagger (venom)
Press: ? - help, Dir - move target, f - Robin
Aim: Robin, wielding a +0 mace, wearing a +0 animal skin and wearing a +0 helmet (lightly wounded, very poisoned, about 25% to evade your +2 dagger of venom)
You hit Robin but do no damage.
Robin is lightly wounded.
It was a potion of attraction.
You feel attractive to monsters. Robin throws the goblin at you!
* * * LOW HITPOINT WARNING * * *
The goblin hits you but does no damage.
Hit: f) +2 dagger (venom)
Press: ? - help, Dir - move target, f - goblin, p - Robin
Aim: a goblin, wielding a +0 dagger (strong, about 37% to evade your +2 dagger of venom)
You hit the goblin.
The goblin is poisoned.
The goblin is moderately wounded.
The goblin no longer looks unusually strong.
The goblin hits you with a +0 dagger.
You die...

... #.# #.#
#.# #<#
#.##########.#
#.......g@gg..
###.##########
#.# #.# ..#


You could see Robin (very poisoned) and 2 goblins.

Vanquished Creatures
  6 ball pythons (D:1)
  3 endoplasms
  A giant cockroach (D:1)
  5 goblins
  11 hobgoblins
  3 frilled lizards (D:1)
  3 rats (D:1)
32 creatures vanquished.

Notes
Turn   | Place    | Note
-------+----------+-------------------------------------------
     0 | D:1      | Graphine the Kobold Brigand began the quest for the Orb.
     0 | D:1      | Reached XP level 1. HP: 12/12 MP: 1/1
   112 | D:1      | Reached XP level 2. HP: 11/17 MP: 2/2
   438 | D:1      | Reached XP level 3. HP: 22/22 MP: 3/3
   851 | D:2      | Noticed Robin
   872 | D:2      | HP: 1/22 [Robin/+0 mace (1)]
   875 | D:2      | Slain by a goblin

Illustrated notes

Levels and vault maps discovered:
D:1:      dpeg_arrival_round_b, layout_basic, minmay_heptomino_h4
D:2:      layout_loops_ring, hellmonk_ecumenical_altar_blasted, basic_altar,
          chequers_serial_rivers_marsh, uniq_natasha, uniq_terence, uniq_robin

Skill      XL: |  1  2  3 |
---------------+----------+-----
Short Blades   | 3 |  3.4
Dodging        | 2 |  2.1
Fighting       | |  2.4
Throwing       | |  2.4
Stealth        | |  5.9

Action                     || total
---------------------------++-------
  Melee: Dagger            ||    66
    Use: Scroll            ||     5
         Potion            ||     1
   Stab: Sleeping          ||    11
 Armour: Robe              ||     5
  Dodge: Dodged            ||    23
